 Dungeon Crawl Stone Soup version 0.31-a0-145-g046c7d2549 (webtiles) character file.

Game seed: 10315755626596870722

671 Galileo100 the Trooper (level 7, -8/54 HPs)
             Began as a Demonspawn Berserker on June 5, 2023.
             Was a Believer of Trog.
             Mangled by an ogre
             ... wielding a +0 giant club
              (23 damage)
             ... on level 5 of the Dungeon.
             The game lasted 00:12:49 (2562 turns).

Galileo100 the Trooper (Demonspawn Berserker)       Turns: 2562, Time: 00:12:49

Health: -8/54      AC: 11    Str: 19    XL:     7   Next: 32%
Magic:  7/7        EV:  8    Int:  9    God:    Trog [**....]
Gold:   239        SH:  0    Dex: 12    Spells: 6/6 levels left

rFire   . . .        p - +4 scythe
rCold   . . .        (shield currently unavailable)
rNeg    . . .        c - +1 chain mail
rPois   .            (helmet restricted)
rElec   .            (no cloak)
rCorr   .            o - +0 pair of gloves
SInv    .            (no boots)
Will    .....        (no amulet) Stlth
                     (no ring)
HPRegen 0.29/turn    (no ring)
MPRegen 0.10/turn

%: no passive effects
@: no status effects
A: antennae 2, powered by pain 2
a: Renounce Religion, Berserk, Trog's Hand


You were on level 5 of the Dungeon.
You worshipped Trog.
Trog was pleased with you.
You visited 1 branch of the dungeon, and saw 5 of its levels.

You collected 239 gold pieces.

Inventory:

Hand Weapons
 a - a +0 falchion
 i - a +2 hand axe of electrocution
 p - a +4 scythe (weapon)
Armour
 b - a +0 animal skin
 c - a +1 chain mail (worn)
 d - a +0 ring mail
 e - a +0 kite shield
 o - a +0 pair of gloves (worn)
Wands
 j - a wand of iceblast (4)
Scrolls
 h - a scroll of fog
 l - a scroll of teleportation {unknown}
 m - a scroll of fear {unknown}
 n - 2 scrolls of identify
Potions
 f - a potion of brilliance
 g - a potion of haste {unknown}
 k - a potion of enlightenment


   Skills:
 + Level 4.1 Fighting
 + Level 3.8 Long Blades
 + Level 3.4 Axes
 + Level 0.3(2.1) Polearms
 + Level 4.0 Armour
 + Level 2.4 Dodging
 + Level 0.3 Stealth
 + Level 2.5 Shields


You had 6 spell levels left.
You didn't know any spells.
Your spell library was empty.

Dungeon Overview and Level Annotations

Branches:
Dungeon (5/15)
 Temple: D:4-7

Altars:
Ashenzari
Okawaru
Wu Jian

Shops:
D:3 =


Innate Abilities, Weirdness & Mutations

You have a pair of antennae on your head.
You sometimes gain power by taking damage.


Message History

A hound comes into view.
The hound barks!
You hear an angry hiss.
The hound bites you but does no damage.
You closely miss the hound. The hound bites you. The hound barely misses you.
You hit the hound.
The hound is moderately wounded.
The hound bites you but does no damage. x2
You puncture the hound!
The hound is severely wounded.
The hound bites you but does no damage. x2
You barely miss the hound.
The hound is severely wounded.
The hound bites you. x2
You puncture the hound!
You kill the hound!
Trog accepts your kill.
Your Armour skill increases to level 4!
You see here a hound corpse.
Found 5 stones.
Found a stone staircase leading down.
There is a stone staircase leading up here.
There is a stone staircase leading up here.
An ogre comes into view. It is wielding a +0 giant club.
The ogre shouts!
A quasit comes into view.
The quasit gives a chilling moan.
You slash the ogre!
The ogre is moderately wounded.
The ogre barely misses you.
You puncture the ogre!
The ogre is severely wounded.
The ogre hits you with a +0 giant club!!
You hit the ogre.
The ogre is almost dead.
The ogre hits you with a +0 giant club!
* * * LOW HITPOINT WARNING * * *
You barely miss the ogre.
The ogre is almost dead.
The ogre hits you with a +0 giant club!!
You die...

.##.#......#
.##.#[.....# ♣..
.##........# #.#
.....#.#...# #.#
####.._....### #.#
#.#.#.....# #.#
#.......#.###5#
#.#.#...#...#O#..
#...#....##.#@#.####
#####[####<...#.#.(..#
#.....####......#..#.# #
#.##....####..#....#.#.#
#..........#............
####....##†#.....#.....
#######.####..#..##..
#.............#
#######.....#.#


You could see an ogre and a quasit.

Vanquished Creatures
  An orc warrior (D:4)
  2 scorpions (D:4)
  A howler monkey (D:4)
  A jelly (D:4)
  3 orc priests
  A hound (D:5)
  2 iguanas
  3 orc wizards (D:4)
  4 adders
  3 gnolls (D:4)
  2 shadow imps (D:5)
  3 worms (D:3)
  A dart slug (D:3)
  7 orcs
  6 ball pythons
  2 bats
  5 endoplasms
  3 giant cockroaches
  4 goblins
  6 hobgoblins
  3 jackals (D:4)
  3 kobolds
  A quokka (D:3)
  2 frilled lizards (D:3)
  2 rats
71 creatures vanquished.

Notes
Turn   | Place    | Note
-------+----------+-------------------------------------------
     0 | D:1      | Galileo100 the Demonspawn Berserker began the quest for the
                  | Orb.
     0 | D:1      | Reached XP level 1. HP: 18/18 MP: 1/1
    64 | D:1      | You fall into a shaft and drop 1 floor!
   120 | D:2      | Gained mutation: You sometimes gain a little power by
                  | taking damage. [demonic ancestry]
   120 | D:2      | Reached XP level 2. HP: 24/24 MP: 2/2
   416 | D:2      | Reached XP level 3. HP: 23/29 MP: 3/3
   560 | D:3      | Gained mutation: You have a pair of small antennae on your
                  | head. [demonic ancestry]
   560 | D:3      | Reached XP level 4. HP: 13/37 MP: 4/4
   985 | D:3      | Reached skill level 1 in Shields
  1071 | D:3      | Found Iziam's Jewellery Shop.
  1501 | D:4      | Reached XP level 5. HP: 42/42 MP: 5/5
  1640 | D:4      | Found a broken altar of Ashenzari.
  1641 | D:4      | Found an ornate altar of the Wu Jian Council.
  1645 | D:4      | Reached ** piety under Trog
  1652 | D:4      | Reached skill level 1 in Axes
  1714 | D:4      | Gained mutation: You sometimes gain power by taking damage.
                  | [demonic ancestry]
  1714 | D:4      | Reached XP level 6. HP: 42/48 MP: 6/6
  2041 | D:4      | Noticed an orc warrior
  2061 | D:4      | Killed an orc warrior
  2090 | D:4      | Gained mutation: You have a pair of antennae on your head.
                  | [demonic ancestry]
  2090 | D:4      | Reached XP level 7. HP: 34/54 MP: 7/7
  2417 | D:5      | Entered Level 5 of the Dungeon
  2478 | D:5      | Found an iron altar of Okawaru.
  2562 | D:5      | Mangled by an ogre

Illustrated notes

Levels and vault maps discovered:
D:1:      matt_arrival_refuge, layout_loops_ring
D:2:      layout_rooms, serial_glass, glass_columns_a, glass_columns_c
D:3:      wander_river, layout_loops_ring, serial_shops, shop_fountains,
          chequers_serial_rivers_micro_e
D:4:      layout_basic, grunt_temple_overflow_open, sigmund_army
D:5:      layout_basic, okawaru_metal_pillars_1_2,
          gammafunk_ghost_abyssal_escape, serial_demonic, serial_demonic_e,
          serial_demonic_g, serial_demonic_c, serial_demonic_d, uniq_grinder

Skill      XL: |  1  2  3  4  5  6  7 |
---------------+----------------------+-----
Long Blades    | 3 |  3.8
Dodging        | 2 |  2.4
Armour         | 2 3 4 |  4.0
Shields        | 1 2 |  2.5
Axes           | 1 3 |  3.4
Fighting       | 4 |  4.1
Polearms       | |  0.3
Stealth        | |  0.3

Action                     |  1- 3 |  4- 6 |  7- 9 || total
---------------------------+-------+-------+-------++-------
  Melee: Falchion          |    48 |     9 |       ||    57
         Hand axe          |       |   115 |     3 ||   118
         Halberd           |       |       |    29 ||    29
 Invoke: Berserk           |     4 |     2 |       ||     6
         Trog's Hand       |       |     1 |       ||     1
    Use: Potion            |     2 |     1 |       ||     3
         Scroll            |       |     4 |     2 ||     6
 Armour: Animal skin       |     5 |       |       ||     5
         Ring mail         |    13 |       |       ||    13
         Chain mail        |       |    48 |    13 ||    61
  Dodge: Dodged            |    30 |    24 |    18 ||    72
  Block: Kite shield       |    16 |    50 |     1 ||    67

Table legend: (Time is in decaauts)
 A = Elapsed time spent in this place.
 B = Non-inter-level travel time spent in this place.
 C = Inter-level travel time spent in this place.
 D = Time resting spent in this place.
 E = Time spent auto-exploring this place.
 F = Levels seen in this place.
 G = Mean time per level.
                   A        B        C        D        E       F      G
               +--------+--------+--------+--------+--------+-----+--------+
         Total |   2688 |   2493 |    195 |      0 |   1845 |   5 |  537.6 |
       Dungeon |   2688 |   2493 |    195 |      0 |   1845 |   5 |  537.6 |
               +--------+--------+--------+--------+--------+-----+--------+

Top non-repeatable levels by time:
     D:3: 1008 daAuts
     D:4: 969 daAuts
     D:2: 494 daAuts
     D:5: 152 daAuts
     D:1: 62 daAuts
